 Dungeon Crawl Stone Soup version 0.26-a0-651-gb41185065b (webtiles) character file.

Game seed: 11276198220421744502

463 Ozzies the Fighter (level 7, 0/49 HPs)
             Began as a Gargoyle Fighter on Oct 14, 2020.
             Slain by a gnoll (6 damage)
             ... on level 4 of the Dungeon.
             The game lasted 00:02:50 (2666 turns).

Ozzies the Fighter (Gargoyle Fighter)               Turns: 2666, Time: 00:02:50

Health: 0/49       AC: 15    Str: 21    XL:     7   Next: 7%
Magic:  7/7        EV:  7    Int:  5    God:
Gold:   140        SH:  9    Dex:  9    Spells: 6/6 levels left

rFire    . . .     SeeInvis .   a - +0 flail
rCold    . . .     Faith    .   c - +0 kite shield
rNeg     + . .     Spirit   .   b - +0 scale mail
rPois    ∞         Reflect  .   (no helmet)
rElec    +         Harm     .   f - +0 cloak
rCorr    .         Rampage  .   q - +0 pair of gloves
MR       .....                  x - +0 pair of boots
Stlth    ..........             o - amulet of the acrobat
HPRegen  0.16/turn              e - -4 ring of intelligence (curse)
MPRegen  0.10/turn              (no ring)

@: no status effects
A: negative energy resistance 1, electricity resistance, unbreathing,
petrification resistance, rot immunity, AC +4
a: no special abilities


You were on level 4 of the Dungeon.
You visited 1 branch of the dungeon, and saw 4 of its levels.

You collected 140 gold pieces.

Inventory:

Hand Weapons
 a - a +0 flail (weapon)
 w - a +0 broad axe
Armour
 b - a +0 scale mail (worn)
 c - a +0 kite shield (worn)
 f - a +0 cloak (worn)
 q - a +0 pair of gloves (worn)
 x - a +0 pair of boots (worn)
Jewellery
 e - a cursed -4 ring of intelligence (left hand)
 o - an amulet of the acrobat (around neck)
Wands
 s - a wand of polymorph (7)
 y - a wand of paralysis (12)
Scrolls
 i - a scroll of random uselessness {unknown}
 j - 5 scrolls of noise {unknown}
 k - 3 scrolls of identify {unknown}
 m - a scroll of enchant weapon {unknown}
 n - 3 scrolls of teleportation {unknown}
 p - 2 scrolls of enchant armour {unknown}
 r - 3 scrolls of amnesia {unknown}
 v - 2 scrolls of blinking {unknown}
Potions
 d - a potion of might {@q3 !q}
 g - a potion of invisibility {unknown}
 h - a potion of mutation {unknown}
 l - 6 potions of curing {unknown}
 t - a potion of magic {unknown}
 u - 2 potions of flight {unknown}


   Skills:
 * Level 8.1 Fighting
 + Level 2.2 Maces & Flails
 + Level 3.4 Armour
 + Level 0.5 Dodging
 + Level 3.5 Shields


You had 6 spell levels left.
You didn't know any spells.
Your spell library was empty.

Dungeon Overview and Level Annotations

Branches:
Dungeon (4/15)
 Temple: D:4-7

Altars:
Cheibriados


Innate Abilities, Weirdness & Mutations

You are resistant to torment.
Your stone body is resilient. (AC +4)
You are immune to poison.
You resist negative energy. (rN+)
You are resistant to electric shocks. (rElec)
You can survive without breathing.
You are immune to petrification.
You are immune to rotting.


Message History

The gnoll hits you but does no damage. x2
You hit the gnoll shaman.
The gnoll shaman is severely wounded.
You block the gnoll's attack. The gnoll hits you but does no damage.
You block the gnoll's attack.
The gnoll shaman hits you but does no damage.
The gnoll hits you from afar with a +0 spear.
The gnoll hits you. The gnoll barely misses you.
You hit the gnoll shaman.
You kill the gnoll shaman!
You have reached level 7!
The gnoll hits you but does no damage. You block the gnoll's attack. x3
The gnoll closely misses you. The gnoll completely misses you. x2
The gnoll completely misses you.
You barely miss the gnoll. You block the gnoll's attack.
The gnoll hits you but does no damage.
You closely miss the gnoll.
The gnoll hits you from afar with a +0 spear.
The gnoll hits you but does no damage. x2
You closely miss the gnoll. You block the gnoll's attack.
The gnoll hits you but does no damage. You block the gnoll's attack.
The gnoll hits you but does no damage.
You closely miss the gnoll. You block the gnoll's attack.
The gnoll closely misses you. The gnoll barely misses you.
The gnoll hits you but does no damage. The gnoll barely misses you.
Your scale mail prevents you from hitting the gnoll.
The gnoll hits you but does no damage. The gnoll hits you.
The gnoll barely misses you. The gnoll hits you but does no damage.
You hit the gnoll.
The gnoll is lightly wounded.
The gnoll hits you but does no damage. x3; You block the gnoll's attack.
You closely miss the gnoll.
The gnoll is lightly wounded.
You block the gnoll's attack.
The gnoll hits you from afar with a +0 spear.
You block the gnoll's attack.
You closely miss the gnoll.
The gnoll is lightly wounded.
The gnoll hits you but does no damage. The gnoll barely misses you.
The gnoll closely misses you.
The gnoll hits you from afar with a +0 spear.
The gnoll hits you but does no damage.
You hit the gnoll.
The gnoll is moderately wounded.
You block the gnoll's attack. The gnoll hits you but does no damage.
You block the gnoll's attack. x2
You completely miss the gnoll.
The gnoll is moderately wounded.
You block the gnoll's attack. The gnoll hits you with a +0 club.
The gnoll barely misses you.
You sock the gnoll!
You kill the gnoll!
The gnoll hits you but does no damage. x2
You closely miss the gnoll. The gnoll hits you.
* * * LOW HITPOINT WARNING * * *
The gnoll barely misses you. You block the gnoll's attack.
The gnoll barely misses you.
The gnoll hits you from afar with a +0 spear.
* * * LOW HITPOINT WARNING * * *
You hit the gnoll.
The gnoll is moderately wounded.
The gnoll hits you.
* * * LOW HITPOINT WARNING * * *
The gnoll hits you from afar with a +0 spear.
* * * LOW HITPOINT WARNING * * *
You block the gnoll's attack.
The gnoll hits you but does no damage. x2
You sock the gnoll!
You kill the gnoll!
The gnoll hits you but does no damage. x2; You block the gnoll's attack.
The gnoll hits you but does no damage. The gnoll misses you. x2
Things that are here:
a +0 club; a gnoll corpse; a gnoll corpse You thump the gnoll!
The gnoll is severely wounded.
The gnoll barely misses you. You block the gnoll's attack.
The gnoll hits you but does no damage. x2
You barely miss the gnoll.
The gnoll is severely wounded.
The gnoll hits you but does no damage. The gnoll barely misses you.
You hit the gnoll but do no damage.
The gnoll is severely wounded.
The gnoll hits you but does no damage. The gnoll hits you.
* * * LOW HITPOINT WARNING * * *
You barely miss the gnoll.
The gnoll is severely wounded.
The gnoll hits you but does no damage. You block the gnoll's attack.
The gnoll hits you but does no damage. x2
You closely miss the gnoll.
The gnoll is severely wounded.
The gnoll hits you but does no damage. You block the gnoll's attack.
You closely miss the gnoll.
The gnoll is severely wounded.
You block the gnoll's attack. The gnoll hits you.
* * * LOW HITPOINT WARNING * * *
You hit the gnoll but do no damage.
The gnoll is severely wounded.
The gnoll hits you.
You die...

#......#######....#...#
#......##........###..##
..................###....
.##########........#.#.###
##........###.#
#....[....###.#
#.............#
####............##
#.g@...........##
####g###.......)).# #....#
#..........# #....#
#..........# #....#
###....<#### #..).#
#.....# #....# #....##
#........ ##...#
#.....!.(. #####


You could see 2 gnolls.

Vanquished Creatures
  A phantom (D:4)
  An orc priest (D:4)
  2 hounds (D:4)
  A gnoll shaman (D:4)
  An iguana (D:4)
  A worker ant (D:4)
  Terence (D:2)
  A howler monkey skeleton (D:4)
  6 adders
  2 gnolls (D:4)
  An ooze (D:2)
  A worm (D:2)
  4 dart slugs
  2 leopard geckos
  2 orcs (D:4)
  5 giant cockroaches
  6 goblins
  11 hobgoblins
  5 jackals
  2 ball pythons
  9 bats
  6 frilled lizards
  12 kobolds
  11 rats
94 creatures vanquished.

Vanquished Creatures (others)
  3 fungi (D:4)
3 creatures vanquished.

Grand Total: 97 creatures vanquished

Notes
Turn   | Place    | Note
-------+----------+-------------------------------------------
     0 | D:1      | Ozzies the Gargoyle Fighter began the quest for the Orb.
     0 | D:1      | Reached XP level 1. HP: 14/14 MP: 1/1
    56 | D:1      | Reached XP level 2. HP: 20/20 MP: 2/2
    91 | D:1      | Reached skill level 4 in Fighting
   183 | D:1      | Reached XP level 3. HP: 24/24 MP: 3/3
   667 | D:2      | Reached skill level 5 in Fighting
   690 | D:2      | Reached XP level 4. HP: 28/31 MP: 4/4
  1080 | D:2      | Noticed Terence
  1092 | D:2      | Killed Terence
  1092 | D:2      | Reached skill level 6 in Fighting
  1097 | D:2      | Reached XP level 5. HP: 31/36 MP: 5/5
  2079 | D:3      | Found a faded altar of an unknown god.
  2154 | D:3      | Found a snail-covered altar of Cheibriados.
  2348 | D:4      | Noticed a phantom
  2380 | D:4      | Killed a phantom
  2380 | D:4      | Reached skill level 7 in Fighting
  2380 | D:4      | Reached XP level 6. HP: 34/44 MP: 6/6
  2510 | D:4      | Reached skill level 8 in Fighting
  2638 | D:4      | Reached XP level 7. HP: 32/49 MP: 7/7
  2666 | D:4      | Slain by a gnoll

Illustrated notes

Levels and vault maps discovered:
D:1:      ebering_hopf_link, layout_basic, hangedman_decor_points,
          chequers_serial_rivers_micro_c, minmay_cut_off
D:2:      layout_loops_ring, uniq_terence
D:3:      layout_basic, lemuel_doored_altar,
          chequers_ecumenical_altar_simple_redux, minmay_misc_feat_nine_boxes,
          hangedman_decor_growths
D:4:      layout_basic, serial_aquarium, aquarium_bridge_square
          [aquarium_subvault_bridge, aquarium_subvault_wall,
          aquarium_subvault_bridge, aquarium_subvault_balcony],
          aquarium_window_corner, aquarium_window_corridor_3,
          aquarium_window_fake, aquarium_view_2a

Skill      XL: |  1  2  3  4  5  6 |
---------------+-------------------+-----
Fighting       | 4 5 6 7 8 |  8.1
Maces & Flails | |  2.2
Armour         | |  3.4
Dodging        | |  0.5
Shields        | |  3.5

Action                   |  1- 3 |  4- 6 |  7- 9 || total
-------------------------+-------+-------+-------++-------
Melee: Flail             |   100 |   229 |    21 ||   350
Armor: Scale mail        |    75 |   150 |    27 ||   252
Dodge: Dodged            |    39 |    97 |    17 ||   153
Block: Kite shield       |    59 |   141 |    21 ||   221

Table legend: (Time is in decaauts)
 A = Elapsed time spent in this place.
 B = Non-inter-level travel time spent in this place.
 C = Inter-level travel time spent in this place.
 D = Time resting spent in this place.
 E = Time spent auto-exploring this place.
 F = Levels seen in this place.
 G = Mean time per level.
                   A        B        C        D        E       F      G
               +--------+--------+--------+--------+--------+-----+--------+
         Total |   2798 |   2655 |    143 |    111 |   1760 |   4 |  699.5 |
       Dungeon |   2798 |   2655 |    143 |    111 |   1760 |   4 |  699.5 |
               +--------+--------+--------+--------+--------+-----+--------+

Top non-repeatable levels by time:
     D:2: 889 daAuts
     D:3: 834 daAuts
     D:1: 693 daAuts
     D:4: 381 daAuts
